 Dungeon Crawl Stone Soup version 0.22-a0-283-g1871b15 (webtiles) character file.

89 b5mith the Slasher (level 4, -1/41 HPs)
             Began as a Minotaur Berserker on Mar 18, 2018.
             Was a Believer of Trog.
             Slain by a gnoll (8 damage)
             ... on level 2 of the Dungeon.
             The game lasted 00:02:18 (905 turns).

b5mith the Slasher (Minotaur Berserker)              Turns: 905, Time: 00:02:19

Health: -1/41      AC:  2    Str: 23    XL:     4   Next: 31%
Magic:  3/3        EV: 13    Int:  4    God:    Trog [**....]
Gold:   60         SH:  0    Dex:  9    Spells: 3/3 levels left

rFire    . . .     SeeInvis .   a - +0 falchion
rCold    . . .     Gourm    .   (no shield)
rNeg     . . .     Faith    .   b - +0 animal skin
rPois    .         Spirit   .   (helmet restricted)
rElec    .         Reflect  .   (no cloak)
rCorr    .         Harm     .   (no gloves)
MR       .....                  (no boots)
Stlth    +.........             (no amulet)
HPRegen  0.13/turn              (no ring)
MPRegen  0.08/turn              (no ring)

@: berserk cooldown, slowed, very slow
A: retaliatory headbutt, horns 2
a: Berserk, Trog's Hand, Renounce Religion


You were on level 2 of the Dungeon.
You worshipped Trog.
Trog was pleased with you.
You were very hungry.

You visited 1 branch of the dungeon, and saw 2 of its levels.

You collected 60 gold pieces.

Inventory:

Hand Weapons
 a - a +0 falchion (weapon)
Armour
 b - a +0 animal skin (worn)
Scrolls
 d - a scroll of magic mapping {unknown}
 e - a scroll of teleportation {unknown}
 g - a scroll of noise {unknown}
 h - a scroll of amnesia {unknown}
 i - a scroll of identify {unknown}
 j - a scroll of blinking {unknown}
Potions
 f - 2 potions of curing {unknown}
 k - a potion of flight {unknown}
Comestibles
 c - a ration


   Skills:
 + Level 4.3 Fighting
 + Level 4.4 Long Blades
 + Level 3.5 Armour
 + Level 3.1 Dodging


You had 3 spell levels left.
You didn't know any spells.

Dungeon Overview and Level Annotations

Branches:
Dungeon (2/15)

Altars:


Innate Abilities, Weirdness & Mutations

You reflexively headbutt those who attack you in melee.
You have a pair of horns on your head.


Message History

The gnoll shaman barely misses you.
You riposte.
You barely miss the gnoll shaman.
You kill the gnoll shaman!
Trog accepts your kill.
You have reached level 4!
You feel stronger. The hobgoblin closely misses you.
The gnoll barely misses you.
You riposte.
You completely miss the gnoll. The gnoll barely misses you.
Things that are here:
a club; a gnoll corpse The gnoll closely misses you.
Things that are here:
a club; a rat corpse You hit the gnoll.
The gnoll is lightly wounded.
The gnoll closely misses you.
You riposte.
You hit the gnoll but do no damage.
The gnoll is lightly wounded.
The gnoll hits you!
You die...

#.# ... ##.#######
#........#
#........#
#.gw.....# #g# #g#
#@# ####+#####.#
#..........#
#..........#
#..........#
...........#
............###
......#......##### #
#..#..#........#.#.#


You could see a worm, a gnoll, a hobgoblin and a goblin.

Vanquished Creatures
  A gnoll shaman (D:2)
  3 gnolls (D:2)
  An ooze (D:1)
  A worm (D:2)
  A dart slug (D:1)
  A leopard gecko (D:2)
  4 bats
  2 giant cockroaches
  A hobgoblin (D:1)
  3 frilled lizards
  4 goblins
  5 kobolds
  2 rats
29 creatures vanquished.

Notes
Turn   | Place    | Note
-------+----------+-------------------------------------------
     0 | D:1      | b5mith the Minotaur Berserker began the quest for the Orb.
     0 | D:1      | Reached XP level 1. HP: 19/19 MP: 0/0
   137 | D:1      | Reached XP level 2. HP: 23/27 MP: 1/1
   664 | D:2      | Reached ** piety under Trog
   840 | D:2      | Reached XP level 3. HP: 25/33 MP: 2/2
   902 | D:2      | Reached XP level 4. HP: 7/41 MP: 3/3
   905 | D:2      | Slain by a gnoll

Vault maps used:
D:1:      tarquinn_simple_flora_water_d
D:2:      lemuel_doored_altar, gammafunk_temple_overflow_wave, first_ration,
          uniq_crazy_yiuf_cottage

Skill      XL: |  1  2  3 |
---------------+----------+-----
Long Blades    | 4 |  4.4
Armour         | 3 |  3.5
Fighting       | 4 |  4.3
Dodging        | 3 |  3.1

Action                   |  1- 3 |  4- 6 || total
-------------------------+-------+-------++-------
Melee: Falchion          |    59 |     1 ||    60
       Headbutt          |    11 |       ||    11
Invok: Berserk           |     2 |       ||     2
Armor: Animal skin       |     4 |       ||     4
Dodge: Dodged            |    44 |     5 ||    49
       Rpst.: Falchion   |    14 |     2 ||    16

Table legend:
 A = Spawn XP
 B = Non-spawn XP
 C = Spawn XP percentage of total XP
 D = Spawn monster count
 E = Non-spawn monster count
 F = Spawn count percentage of total count
 G = Total turns spent on level
                    A         B        C        D         E        F      G
               +---------+---------+-------+---------+---------+-------+---------
         Total |       0 |     128 |   0.0 |       0 |      29 |   0.0 |   905
               +---------+---------+-------+---------+---------+-------+---------
           D:1 |       0 |      28 |   0.0 |       0 |      15 |   0.0 |   644
           D:2 |       0 |     100 |   0.0 |       0 |      14 |   0.0 |   261
               +---------+---------+-------+---------+---------+-------+---------
